 Dungeon Crawl Stone Soup version 0.30-a0-672-gc3a7216ad8 (webtiles) character file.

Game seed: 1941828486313293928

266 BigDaddyOpFi the Shield-Bearer (level 6, 0/53 HPs)
             Began as a Gnoll Fighter on Jan 18, 2023.
             Slain by Crazy Yiuf
             ... wielding a +4 quarterstaff of chaos
              (15 damage)
             ... on level 2 of the Dungeon.
             The game lasted 00:02:34 (1487 turns).

BigDaddyOpFi the Shield-Bearer (Gnoll Fighter)      Turns: 1487, Time: 00:02:34

Health: 0/53       AC:  0    Str: 17    XL:     6   Next: 20%
Magic:  8/8        EV: 14    Int:  8    God:
Gold:   970        SH:  0    Dex: 11    Spells: 8/8 levels left

rFire   . . .      SeeInvis .      - Unarmed
rCold   . . .      Faith    .    (shield currently unavailable)
rNeg    . . .      Spirit   .    (body armour currently unavailable)
rPois   .          Reflect  .    (helmet currently unavailable)
rElec   .          Harm     .    (cloak currently unavailable)
rCorr   .          Rampage  .    (gloves currently unavailable)
Will    .....                    (boots currently unavailable)
Stlth   ++                       (no amulet)
HPRegen 0.28/turn                (ring currently unavailable)
MPRegen 0.11/turn                (ring currently unavailable)

@: pig-form, very quick
A: fast, no casting, small, (fangs 1), strong nose, distributed training
a: no special abilities


You were on level 2 of the Dungeon.
You were a filthy swine.
You visited 1 branch of the dungeon, and saw 2 of its levels.

You collected 970 gold pieces.

Inventory:

Hand Weapons
 a - a +1 war axe (melded)
Armour
 b - a +0 scale mail (melded)
 c - a +0 buckler (melded)
 n - a +0 pair of gloves (melded)
Scrolls
 d - a scroll of fear {unknown}
 f - a scroll of teleportation
 l - 2 scrolls of immolation
Potions
 j - a potion of degeneration {unknown}


   Skills:
 + Level 6.8 Fighting
 + Level 1.9 Short Blades
 + Level 1.9 Long Blades
 + Level 5.0 Axes
 + Level 1.9 Maces & Flails
 + Level 1.9 Polearms
 + Level 1.9 Staves
 + Level 1.9 Ranged Weapons
 + Level 1.9 Throwing
 + Level 6.8 Armour
 + Level 1.9 Dodging
 + Level 1.9 Stealth
 + Level 6.8 Shields
 + Level 1.9 Unarmed Combat
 + Level 1.9 Spellcasting
 + Level 1.5 Conjurations
 + Level 1.5 Hexes
 + Level 1.5 Summonings
 + Level 1.5 Necromancy
 + Level 1.5 Translocations
 + Level 1.5 Transmutations
 + Level 1.5 Fire Magic
 + Level 1.5 Ice Magic
 + Level 1.5 Air Magic
 + Level 1.5 Earth Magic
 + Level 1.5 Poison Magic
 + Level 2.1 Invocations
 + Level 1.9 Evocations


You had 8 spell levels left.
You didn't know any spells.
Your spell library was empty.

Dungeon Overview and Level Annotations

Branches:
Dungeon (2/15)

Altars:

Shops:
D:2 :

Annotations:
D:2 Crazy Yiuf


Innate Abilities, Weirdness & Mutations

You are a filthy swine.
You move quickly.
Your equipment is almost entirely melded.
You are incapable of wielding weapons or throwing items.
You cannot cast spells.
((You have very sharp teeth.))
Your uncanny sense of smell can sniff out nearby items.
Your experience applies equally to all skills.


Message History

Crazy Yiuf shouts!
Crazy Yiuf laughs, "Citrus koolooloo rumpyflump!"
Crazy Yiuf flaps his cloak.
Could not explore, unopened runed door.
Could not explore, unopened runed door.
No reachable target in view!
You open the door. You slash Crazy Yiuf!
Crazy Yiuf is moderately wounded.
Crazy Yiuf zaps a wand.
You turn into a filthy swine.
Your +1 war axe melds into your body.
Your +0 pair of gloves melds into your body.
Your +0 buckler melds into your body.
Your +0 scale mail melds into your body.
Crazy Yiuf cries, "Citrus!
Earwax toodlewoodle horse."
Crazy Yiuf closely misses you.
You hit Crazy Yiuf.
Crazy Yiuf is heavily wounded.
You hit Crazy Yiuf.
Crazy Yiuf is severely wounded.
Crazy Yiuf hits you with a +4 quarterstaff of chaos!
Crazy Yiuf burns you.
You hit Crazy Yiuf.
Crazy Yiuf is almost dead.
Crazy Yiuf hits you with a +4 quarterstaff of chaos!
Space warps around you!
You hit Crazy Yiuf but do no damage.
Crazy Yiuf is almost dead.
Crazy Yiuf hits you with a +4 quarterstaff of chaos.
* * * LOW HITPOINT WARNING * * *
You are confused.
It was a potion of lignification.
You feel woody for a moment. Crazy Yiuf misses you.
You closely miss Crazy Yiuf.
Crazy Yiuf is almost dead.
Crazy Yiuf barely misses you.
You're too confused to move!
You feel less confused.
Crazy Yiuf hits you with a +4 quarterstaff of chaos!
You die...

#.......#....................).
#.......'............##########
###......################### #
..'......# #..###### ###......#
#........ #......#### **###
#......>. #.........## ###..)#
#.......# #
#..........####g'...# #.......#
######'#......#.h##...#
#######.# .##
#.##....#.###**### #.# ..#
#.######### #.# ..# #.# #.# ..#
#.############# #.# ..#
#.............# #.# .##
#.##.......#### #.# ##
#.##.......# #.#
######.##.......# #.#


You could see Crazy Yiuf.

Vanquished Creatures
  Sigmund (D:2)
  Terence (D:2)
  Jessica (D:2)
  An adder (D:2)
  A worm (D:2)
  3 dart slugs
  A bat (D:1)
  An endoplasm (D:2)
  11 giant cockroaches (D:2)
  3 goblins (D:2)
  5 hobgoblins
  A kobold (D:1)
  2 quokkas
  4 ball pythons
  A frilled lizard (D:2)
  6 rats
43 creatures vanquished.

Notes
Turn   | Place    | Note
-------+----------+-------------------------------------------
     0 | D:1      | BigDaddyOpFi the Gnoll Fighter began the quest for the Orb.
     0 | D:1      | Reached XP level 1. HP: 23/23 MP: 1/1
    76 | D:1      | Reached XP level 2. HP: 25/29 MP: 2/2
   558 | D:2      | Found a faded altar of an unknown god.
   672 | D:2      | Reached XP level 3. HP: 35/35 MP: 3/3
   759 | D:2      | Noticed Jessica
   765 | D:2      | Killed Jessica
   766 | D:2      | Reached skill level 1 in Short Blades
   766 | D:2      | Reached skill level 1 in Long Blades
   766 | D:2      | Reached skill level 1 in Maces & Flails
   766 | D:2      | Reached skill level 1 in Polearms
   766 | D:2      | Reached skill level 1 in Staves
   766 | D:2      | Reached skill level 1 in Ranged Weapons
   766 | D:2      | Reached skill level 1 in Throwing
   766 | D:2      | Reached skill level 1 in Dodging
   766 | D:2      | Reached skill level 1 in Stealth
   766 | D:2      | Reached skill level 1 in Unarmed Combat
   766 | D:2      | Reached skill level 1 in Spellcasting
   766 | D:2      | Reached skill level 1 in Invocations
   766 | D:2      | Reached skill level 1 in Evocations
   800 | D:2      | Found Kipnuhur's Book Shop.
   858 | D:2      | Reached XP level 4. HP: 41/41 MP: 5/5
   900 | D:2      | Noticed Sigmund
   907 | D:2      | Killed Sigmund
   908 | D:2      | Reached skill level 1 in Conjurations
   908 | D:2      | Reached skill level 1 in Hexes
   908 | D:2      | Reached skill level 1 in Summonings
   908 | D:2      | Reached skill level 1 in Necromancy
   908 | D:2      | Reached skill level 1 in Translocations
   908 | D:2      | Reached skill level 1 in Transmutations
   908 | D:2      | Reached skill level 1 in Fire Magic
   908 | D:2      | Reached skill level 1 in Ice Magic
   908 | D:2      | Reached skill level 1 in Air Magic
   908 | D:2      | Reached skill level 1 in Earth Magic
   908 | D:2      | Reached skill level 1 in Poison Magic
   908 | D:2      | Reached XP level 5. HP: 46/47 MP: 5/7
  1164 | D:2      | Reached XP level 6. HP: 51/53 MP: 8/8
  1231 | D:2      | Found a runed translucent door.
  1232 | D:2      | Noticed Crazy Yiuf
  1325 | D:2      | Identified a scroll of acquirement
  1329 | D:2      | Acquired 829 gold pieces
  1396 | D:2      | Noticed Terence
  1407 | D:2      | Killed Terence
  1408 | D:2      | Reached skill level 5 in Axes
  1487 | D:2      | Slain by Crazy Yiuf

Illustrated notes

Levels and vault maps discovered:
D:1:      dpeg_arrival_rhombi, layout_rooms, reono_crystal_passage,
          minmay_split_cup_large
D:2:      minmay_roachtagon, layout_basic, serial_shops,
          nicolae_shop_window_shopping,
          hellmonk_ecumenical_altar_pennies_from_heaven, chequers_avenue,
          minmay_pentomino_v4, uniq_crazy_yiuf_cottage, uniq_terence,
          uniq_jessica, uniq_sigmund

Skill      XL: |  1  2  3  4  5  6 |
---------------+-------------------+-----
Short Blades   | 1 |  1.9
Long Blades    | 1 |  1.9
Maces & Flails | 1 |  1.9
Polearms       | 1 |  1.9
Staves         | 1 |  1.9
Ranged Weapons | 1 |  1.9
Throwing       | 1 |  1.9
Dodging        | 1 |  1.9
Stealth        | 1 |  1.9
Unarmed Combat | 1 |  1.9
Spellcasting   | 1 |  1.9
Invocations    | 1 2 |  2.1
Evocations     | 1 |  1.9
Conjurations   | 1 |  1.5
Hexes          | 1 |  1.5
Summonings     | 1 |  1.5
Necromancy     | 1 |  1.5
Translocations | 1 |  1.5
Transmutations | 1 |  1.5
Fire Magic     | 1 |  1.5
Ice Magic      | 1 |  1.5
Air Magic      | 1 |  1.5
Earth Magic    | 1 |  1.5
Poison Magic   | 1 |  1.5
Axes           | 5 |  5.0
Fighting       | |  6.8
Armour         | |  6.8
Shields        | |  6.8

Action                   |  1- 3 |  4- 6 || total
-------------------------+-------+-------++-------
Melee: War axe           |    51 |    57 ||   108
       Bite              |     1 |     6 ||     7
       Unarmed           |       |     5 ||     5
  Use: Potion            |       |     2 ||     2
       Scroll            |       |     8 ||     8
Armor: Scale mail        |    18 |    28 ||    46
Dodge: Dodged            |    14 |    28 ||    42
Block: Buckler           |    13 |    21 ||    34

Table legend: (Time is in decaauts)
 A = Elapsed time spent in this place.
 B = Non-inter-level travel time spent in this place.
 C = Inter-level travel time spent in this place.
 D = Time resting spent in this place.
 E = Time spent auto-exploring this place.
 F = Levels seen in this place.
 G = Mean time per level.
                   A        B        C        D        E       F      G
               +--------+--------+--------+--------+--------+-----+--------+
         Total |   1519 |   1514 |      5 |      0 |   1234 |   2 |  759.5 |
       Dungeon |   1519 |   1514 |      5 |      0 |   1234 |   2 |  759.5 |
               +--------+--------+--------+--------+--------+-----+--------+

Top non-repeatable levels by time:
     D:2: 954 daAuts
     D:1: 565 daAuts
